 Dungeon Crawl Stone Soup version 0.27.0-1-g7a089689b8 (webtiles) character file.

Game seed: 13337683288814976702

312 JackMcBride the Chopper (level 6, -3/55 HPs)
             Began as a Minotaur Fighter on Aug 1, 2021.
             Was an Initiate of Okawaru.
             Slain by a steam dragon (4 damage)
             ... on level 5 of the Dungeon.
             The game lasted 00:04:37 (3869 turns).

JackMcBride the Chopper (Minotaur Fighter)          Turns: 3869, Time: 00:04:37

Health: -3/55      AC:  7    Str: 22    XL:     6   Next: 18%
Magic:  14/14      EV:  8    Int:  5    God:    Okawaru [......]
Gold:   258        SH: 10    Dex: 10    Spells: 5/5 levels left

rFire    . . .     SeeInvis .   a - +0 war axe
rCold    . . .     Faith    .   c - +0 kite shield
rNeg     . . .     Spirit   .   b - +0 scale mail
rPois    .         Reflect  .   (helmet restricted)
rElec    .         Harm     .   n - scarf {repulsion}
rCorr    .         Rampage  .   (no gloves)
Will     .....                  (no boots)
Stlth    ..........             e - amulet of the acrobat
HPRegen  0.18/turn              h - ring of magical power
MPRegen  0.14/turn              (no ring)

@: attractive, repel missiles
A: horns 2, retaliatory headbutt
a: Renounce Religion


You were on level 5 of the Dungeon.
You worshipped Okawaru.
Okawaru was noncommittal.
You visited 2 branches of the dungeon, and saw 6 of its levels.

You collected 258 gold pieces.

Inventory:

Hand Weapons
 a - a +0 war axe (weapon)
Armour
 b - a +0 scale mail (worn)
 c - a +0 kite shield (worn)
 n - a scarf of repulsion (worn)
Jewellery
 e - an amulet of the acrobat (around neck)
 h - a ring of magical power (left hand)
Scrolls
 j - a scroll of teleportation
 k - 2 scrolls of amnesia {unknown}
 q - 2 scrolls of identify
 r - a scroll of noise {unknown}
 s - 2 scrolls of silence {unknown}
 t - a scroll of fog {unknown}
Potions
 d - a potion of might
 f - a potion of attraction
 g - a potion of ambrosia
 i - a potion of cancellation
 l - a potion of invisibility {unknown}
 m - a potion of haste {unknown}
 p - a potion of curing {unknown}
 u - a potion of heal wounds {unknown}


   Skills:
 + Level 4.8 Fighting
 + Level 5.2 Axes
 + Level 5.0 Armour
 - Level 0.4 Dodging
 + Level 5.0 Shields


You had 5 spell levels left.
You didn't know any spells.
Your spell library contained the following spells:

 Spells                   Type           Power      Damage    Failure   Level
 Blink                    Tloc           N/A        N/A       100%        2
 Blade Hands              Tmut           0%         N/A       100%        5
 Irradiate                Conj/Tmut      0%         3d13      100%        5
 Manifold Assault         Tloc           0%         N/A       100%        5
 Dragon Form              Tmut           0%         N/A       100%        7
 Storm Form               Tmut/Air       0%         N/A       100%        7


Dungeon Overview and Level Annotations

Branches:
Dungeon (5/15)             Temple (1/1) D:4

Altars:
Fedhas
Nemelex Xobeh
Okawaru
Sif Muna

Annotations:
D:2 Sigmund


Innate Abilities, Weirdness & Mutations

You have a pair of horns on your head.
You reflexively headbutt those who attack you in melee.


Message History

The steam dragon barely misses you.
The steam dragon claws you but does no damage.
The steam dragon breathes steam at you. The ball of steam hits you!
* * * LOW HITPOINT WARNING * * *
You hit the steam dragon but do no damage.
Your headbutt misses the steam dragon.
The steam dragon is moderately wounded.
The steam dragon breathes steam at you. The ball of steam hits you!
* * * LOW HITPOINT WARNING * * *
Unknown command.
You closely miss the steam dragon. Your headbutt misses the steam dragon.
The steam dragon is moderately wounded.
You are engulfed in a cloud of scalding steam.
The steam dragon bites you but does no damage.
The steam dragon claws you but does no damage.
It was a potion of lignification.
You turn into a tree.
Your scarf of repulsion melds into your body.
Your +0 scale mail melds into your body.
The haze of the repulsion field disappears.
Your roots penetrate the ground.
You are engulfed in a cloud of scalding steam.
The steam dragon bites you.
* * * LOW HITPOINT WARNING * * *
The steam dragon claws you but does no damage.
It was a potion of attraction.
You feel attractive to monsters.
The steam dragon bites you but does no damage.
The steam dragon claws you.
* * * LOW HITPOINT WARNING * * *
It was a potion of cancellation.
Your magical effects are unravelling.
You feel magically purged.
You feel less wooden.
Your scarf of repulsion unmelds from your body.
Your +0 scale mail unmelds from your body.
You are surrounded by a repulsion field.
The steam dragon barely misses you. The steam dragon claws you.
You die...

###
#@#
#D..#
#.⌠.#
#...#
##.##
#.#
...
.⌠.


You could see a steam dragon.

Vanquished Creatures
  A black bear (D:4)
  A hound (D:2)
  A jelly (D:4)
  An iguana (D:4)
  Robin (D:2)
  4 adders
  A worm (D:2)
  3 dart slugs
  3 ball pythons
  5 endoplasms
  4 giant cockroaches
  17 goblins
  9 hobgoblins
  6 jackals
  6 quokkas
  3 bats
  3 frilled lizards
  6 kobolds
  6 rats
81 creatures vanquished.

Notes
Turn   | Place    | Note
-------+----------+-------------------------------------------
     0 | D:1      | JackMcBride the Minotaur Fighter began the quest for the
                  | Orb.
     0 | D:1      | Reached XP level 1. HP: 19/19 MP: 0/0
   198 | D:1      | Reached XP level 2. HP: 23/27 MP: 1/1
   847 | D:1      | Reached XP level 3. HP: 31/33 MP: 2/2
  1135 | D:2      | Reached XP level 4. HP: 21/40 MP: 3/3
  1380 | D:2      | Noticed Robin
  1408 | D:2      | Killed Robin
  1522 | D:2      | Noticed Sigmund
  2845 | D:3      | Reached XP level 5. HP: 46/46 MP: 4/4
  3204 | D:4      | Noticed a black bear
  3218 | D:4      | Killed a black bear
  3219 | D:4      | Reached skill level 5 in Axes
  3219 | D:4      | Reached skill level 5 in Shields
  3219 | D:4      | Reached XP level 6. HP: 21/53 MP: 5/5
  3528 | D:4      | Reached skill level 5 in Armour
  3600 | D:4      | Found a staircase to the Ecumenical Temple.
  3804 | Temple   | Entered the Ecumenical Temple
  3825 | Temple   | Became a worshipper of Warmaster Okawaru
  3855 | D:5      | Entered Level 5 of the Dungeon
  3855 | D:5      | Noticed a steam dragon
  3868 | D:5      | HP: 2/82 [steam dragon (4)]
  3869 | D:5      | Slain by a steam dragon

Illustrated notes

Levels and vault maps discovered:
D:1:      minmay_arrival_arboretum_small, layout_basic
D:2:      layout_rooms, roderic_roman_lattice, minmay_tetromino_s2, uniq_robin,
          uniq_sigmund
D:3:      layout_basic, kennysheep_generic_room_4
D:4:      layout_rooms, temple_pool_b
D:5:      layout_basic, nicolae_ossuary_entry_ruins, grunt_ministairs_5
Temple:   regret_index_temple_waves

Skill      XL: |  1  2  3  4  5  6 |
---------------+-------------------+-----
Shields        | 4 5 |  5.0
Armour         | 4 5 |  5.0
Axes           | 3 4 5 |  5.2
Fighting       | 4 |  4.8
Dodging        | |  0.4

Action                   |  1- 3 |  4- 6 || total
-------------------------+-------+-------++-------
Melee: War axe           |    46 |   119 ||   165
       Headbutt          |     8 |    18 ||    26
  Use: Scroll            |     1 |     3 ||     4
       Potion            |       |     3 ||     3
Armor: Scale mail        |    21 |    46 ||    67
       Skin              |       |     3 ||     3
Dodge: Dodged            |    21 |    38 ||    59
Block: Kite shield       |    26 |    60 ||    86
